 Dungeon Crawl Stone Soup version 0.28-a0-479-g5baa6b73be (webtiles) character file.

Game seed: 8078636875369622729

715843 timneilson the Hoplite (level 27, -2/165 (176) HPs)
             Began as a Gargoyle Fighter on Sept 17, 2021.
             Was a High Priest of Okawaru.
             Killed from afar by a shard shrike (21 damage)
             ... with a shard of ice
             ... on level 5 of Cocytus on Sept 18, 2021.
             The game lasted 04:27:08 (76927 turns).

timneilson the Hoplite (Gargoyle Fighter)          Turns: 76927, Time: 04:27:09

HP:   -2/165 (176)  AC: 69    Str: 30    XL:     27
MP:   42/45         EV: 13    Int: 16    God:    Okawaru [*****.]
Gold: 7700          SH: 25    Dex:  9    Spells: 26/26 levels left

rFire   + . .      SeeInvis +   Q - +6 double sword of Lodobaf {flame, rN+}
rCold   + + +      Faith    .   Z - +2 tower shield {reflect}
rNeg    + + +      Spirit   .   M - +10 gold dragon scales
rPois   ∞          Reflect  +   r - +1 hat {SInv}
rElec   +          Harm     .   m - +2 cloak {rCorr}
rCorr   +          Rampage  .   c - +2 pair of gloves {archery}
Will    +++..                   z - +0 pair of boots of Rifosy {Fly rN+ Int+4}
Stlth   ..........              V - amulet of the Sparrow {rPois Regen+ Slay+3}
HPRegen 1.37/turn               j - +4 ring of slaying
MPRegen 0.29/turn               q - ring of Lial {rPois rC+++ Will+ MP+9}

@: heroic, finesse-ful, flying, drained, frozen potions
A: sickness immunity, AC +20, big wings, negative energy resistance 1,
electricity resistance, torment resistance 1, petrification resistance
}: 3/15 runes: serpentine, barnacled, silver
a: Renounce Religion, Heroism, Finesse, Duel


You were on level 5 of Cocytus.
You worshipped Okawaru.
Okawaru was extremely pleased with you.
You visited 13 branches of the dungeon, and saw 59 of its levels.
You also visited: Sewer, Ossuary, Gauntlet and Ice Cave.

You collected 9848 gold pieces.
You spent 2148 gold pieces at shops.

Inventory:

Hand Weapons
 Q - the +6 double sword of Lodobaf (weapon) {flame, rN+}
   (Okawaru gifted it to you on level 2 of the Lair of Beasts)

   It burns those it strikes, dealing additional fire damage.
   Big, fiery blades are also staple armaments of hydra-hunters.
   rN:        It protects you from negative energy.
 S - the +10 zealot's sword {holy, *Rage rN+ EV+3}
   (Okawaru gifted it to you on level 3 of the Lair of Beasts)

   It has been blessed by the Shining One to cause great damage to the undead
   and demons.
   Whenever the wielder enters a berserk rage, their allies are berserked
   alongside them.
   EV:        It affects your evasion (+3).
   rN:        It protects you from negative energy.
   *Rage:     It lets you go berserk by making a melee attack (+20% chance).
 U - a +0 spectral double sword
Armour
 c - a +2 pair of gloves of archery (worn)
 m - a +2 cloak of preservation (worn)
 r - a +1 hat of see invisible (worn)
 z - the +0 pair of boots of Rifosy (worn) {Fly rN+ Int+4}
   (You found it in a Gauntlet)

   Int:       It affects your intelligence (+4).
   rN:        It protects you from negative energy.
   Fly:       It grants you flight.
 M - +10 gold dragon scales (worn)
 Z - a +2 tower shield of reflection (worn)
Jewellery
 j - a +4 ring of slaying (left hand)
 q - the ring of Lial (right hand) {rPois rC+++ Will+ MP+9}
   (You found it on level 1 of the Snake Pit)

   [ring of magical power]

   rC:        It renders you almost immune to cold.
   rPois:     It protects you from poison.
   MP:        It affects your magic capacity (+9).
   Will:      It increases your willpower.
 F - a ring of willpower
 V - the amulet of the Sparrow (around neck) {rPois Regen+ Slay+3}
   (You found it on level 3 of the Crypt)

   [amulet of regeneration]

   Slay:      It affects your accuracy & damage with ranged weapons and melee
   (+3).
   rPois:     It protects you from poison.
   Regen:     It increases your rate of health regeneration.
 W - the ring of Muguennac {rF+ rN+ Will- rCorr}
   (You found it on level 3 of the Crypt)

   [ring of positive energy]

   rF:        It protects you from fire.
   rN:        It protects you from negative energy.
   rCorr:     It protects you from acid and corrosion.
   Will:      It decreases your willpower.
Wands
 o - a wand of flame (132)
 u - a wand of acid (76)
 x - a wand of mindburst (16)
 E - a wand of iceblast (107)
 P - a wand of digging (17)
Scrolls
 e - a scroll of brand weapon
 l - a scroll of silence
 p - 18 scrolls of teleportation
 w - 37 scrolls of identify
 H - 9 scrolls of fog
 I - 10 scrolls of blinking
 L - 11 scrolls of enchant weapon
 O - 4 scrolls of fear
 Y - a scroll of holy word
Potions
 a - a potion of brilliance
 b - 12 potions of mutation
 d - 7 potions of might
 f - 8 potions of heal wounds
 g - 34 potions of curing
 i - 4 potions of berserk rage
 k - 10 potions of haste
 n - 12 potions of lignification
 s - a potion of resistance
 t - 2 potions of cancellation
 v - 5 potions of invisibility
 B - 12 potions of attraction
Miscellaneous
 C - a condenser vane (inert)
 G - a phial of floods
 T - a lightning rod (4/4)


   Skills:
 + Level 18.9(23.9) Fighting
 * Level 21.7(26.7) Long Blades
 * Level 24.9(27) Armour
 + Level 14.9(19.9) Dodging
 * Level 25.9(27) Shields
 + Level 18.6 Invocations
 + Level 16.1 Evocations


You had 26 spell levels left.
You didn't know any spells.
Your spell library contained the following spells:

 Spells                   Type           Power      Damage    Failure   Level
 Apportation              Tloc           0%         N/A       78%         1
 Foxfire                  Conj/Fire      0%         2x1d4     78%         1
 Pain                     Necr           0%         1d4       78%         1
 Sandblast                Erth           0%         2d4       78%         1
 Blink                    Tloc           N/A        N/A       89%         2
 Ensorcelled Hibernation  Hex/Ice        0%         N/A       89%         2
 Passwall                 Tmut/Erth      0%         N/A       89%         2
 Poisonous Vapours        Pois/Air       0%         N/A       89%         2
 Slow                     Hex            0%         N/A       89%         2
 Static Discharge         Conj/Air       0%         N/A       89%         2
 Conjure Flame            Conj/Fire      0%         6-21      98%         3
 Ignite Poison            Fire/Tmut/Pois 0%         N/A       98%         3
 Inner Flame              Hex/Fire       0%         N/A       98%         3
 Lesser Beckoning         Tloc           0%         N/A       98%         3
 Mephitic Cloud           Conj/Pois/Air  0%         N/A       98%         3
 Portal Projectile        Hex/Tloc       0%         N/A       98%         3
 Stone Arrow              Conj/Erth      0%         3d7       98%         3
 Swiftness                Air            0%         N/A       98%         3
 Vampiric Draining        Necr           0%         2d6       98%         3
 Airstrike                Air            0%         N/A       100%        4
 Dispel Undead            Necr           0%         3d6       100%        4
 Flame Wave               Conj/Fire      0%         3d3       100%        4
 Fulminant Prism          Conj/Hex       0%         3d6       100%        4
 Iskenderun's Mystic Bla  Conj/Tloc      0%         2d3       100%        4
 Leda's Liquefaction      Hex/Erth       0%         N/A       100%        4
 Passage of Golubria      Tloc           N/A        N/A       100%        4
 Petrify                  Tmut/Erth      0%         N/A       100%        4
 Sticky Flame             Conj/Fire      0%         2d3       100%        4
 Agony                    Necr           0%         N/A       100%        5
 Alistair's Intoxication  Tmut/Pois      0%         N/A       100%        5
 Borgnjor's Vile Clutch   Necr/Erth      0%         N/A       100%        5
 Excruciating Wounds      Necr           0%         N/A       100%        5
 Fireball                 Conj/Fire      0%         3d3       100%        5
 Freezing Cloud           Conj/Ice/Air   0%         6-21      100%        5
 Irradiate                Conj/Tmut      0%         3d14      100%        5
 Lee's Rapid Deconstruct  Erth           0%         3d5*      100%        5
 Manifold Assault         Tloc           0%         N/A       100%        5
 Metabolic Englaciation   Hex/Ice        0%         N/A       100%        5
 Silence                  Hex/Air        0%         N/A       100%        5
 Yara's Violent Unravell  Hex/Tmut       0%         3d3       100%        5
 Eringya's Noxious Bog    Tmut/Pois      0%         N/A       100%        6
 Invisibility             Hex            0%         N/A       100%        6
 Starburst                Conj/Fire      0%         6d3       100%        6
 Storm Form               Tmut/Air       0%         N/A       100%        7
 Discord                  Hex            0%         N/A       100%        8
 Ignition                 Fire           0%         3d3       100%        8
 Maxwell's Capacitive Co  Air            0%         ∞         100%        8
 Fire Storm               Conj/Fire      0%         5d1       100%        9
 Animate Skeleton         Necr           Unusable   N/A       N/A         1
 Summon Small Mammal      Summ           Unusable   N/A       N/A         1
 Sublimation of Blood     Necr           Unusable   N/A       N/A         2
 Call Canine Familiar     Summ           Unusable   N/A       N/A         3
 Tukima's Dance           Hex            Unusable   N/A       N/A         3
 Animate Armour           Summ/Erth      Unusable   N/A       N/A         4
 Summon Forest            Summ/Tloc      Unusable   N/A       N/A         5
 Statue Form              Tmut/Erth      Unusable   N/A       N/A         6
 Summon Hydra             Summ           Unusable   N/A       N/A         7

Dungeon Overview and Level Annotations

Branches:
Dungeon (15/15)            Temple (1/1) D:7            Lair (6/6) D:9
 Shoals (4/4) Lair:2        Snake (4/4) Lair:4        Slime (0/5) Lair:6
    Orc (2/2) D:10            Elf (3/3) Orc:2        Vaults (5/5) D:13
  Crypt (3/3) Vaults:2       Tomb (0/3) Crypt:3      Depths (5/5) D:15
   Hell (visited)             Dis (0/7) Hell            Geh (0/7) Hell
    Coc (5/7) Hell            Tar (0/7) Hell            Zot (5/5) Depths:5
  Sewer (visited)         Ossuary (visited)           IceCv (visited)
Gauntlet (visited)

Altars:
Ashenzari
Cheibriados
Dithmenos
Elyvilon
Fedhas
Hepliaklqana
Kikubaaqudgha
Makhleb
Okawaru
Qazlal
Ru
Sif Muna
Trog
Uskayaw
Vehumet
Wu Jian
Xom
Yredelemnul
Zin
The Shining One
Beogh

Shops:
D:1 *   D:8 !   Orc:1 ([:(   Orc:2 [*=(   Vaults:5 !!

Portals:
Hell: Depths:1 Depths:2 Depths:3 Depths:4 Depths:5
Abyss: Depths:1 Depths:4
Pandemonium: Depths:3
Ziggurat: Depths:5

Annotations:
Elf:2 1 runed translucent door
Depths:1 exclusion: orange crystal statue


Innate Abilities, Weirdness & Mutations

You are immune to sickness and miasma.
Your stone body is resilient. (AC +20)
You are immune to poison.
Your large and strong wings let you fly.
You resist negative energy. (rN+)
You are resistant to electric shocks. (rElec)
You are resistant to unholy torment.
You are immune to petrification.


Message History

The shard of ice hits the shard shrike simulacrum!!!
The shard shrike simulacrum partially resists.
The shard shrike simulacrum vaporises!
Water spirits pour forth from the elemental wellspring!
The water elemental hits you.
The water elemental engulfs you in water!
The water elemental is struck by lightning.
The water elemental hits you. The Ice Fiend gestures at you.
The bolt of cold hits you but does no damage.
The bolt of cold hits the water elemental!!!
The water elemental is destroyed!
The water elemental disappears in a puff of smoke!
Okay, then.
Blink to where?
Press: ? - help, Dir - move target
As you read the scroll of blinking, it crumbles to dust.
The water engulfing you falls away.
The shard shrike is struck by lightning.
The shard shrike is engulfed in freezing vapours.
The elemental wellspring is struck by lightning.
A torrent of water rises up through the elemental wellspring!
Your +2 tower shield of reflection reflects the torrent of water!
The torrent of water hits the elemental wellspring!!
The wave splashes down.
The shard shrike is struck by lightning.
You kill the shard shrike!
Okawaru accepts your kill.
Water spirits pour forth from the elemental wellspring!
The water elemental disappears in a puff of smoke!
Water spirits pour forth from the elemental wellspring!
The elemental wellspring is struck by lightning.
You chop the shard shrike into pieces!!!
You burn the shard shrike.
You kill the shard shrike!
Okawaru accepts your kill.
The water elemental disappears in a puff of smoke!
The shard shrike spits a shard of ice at you.
The shard of ice hits you!! You partially resist.
You die...

##≈≈≈ ##≈≈≈≈ ≈≈≈≈≈≈
≈≈≈≈≈≈#
≈≈≈≈≈≈≈≈≈≈≈≈≈≈≈≈##
≈≈≈≈≈≈≈≈≈≈≈≈≈≈≈≈≈##
E≈≈≈≈≈≈E≈≈E≈≈≈≈≈≈≈###
≈≈≈§.....≈≈..≈≈≈@≈≈≈#
≈≈≈.≈....^≈..≈≈≈≈≈≈≈#
..≈^≈≈....Z..≈b≈≈≈≈≈#
≈.≈........E≈≈≈E≈≈≈≈#
≈.≈..≈≈....§≈E§§≈≈≈≈#
..≈≈.E≈≈.§§§≈E§§≈≈≈≈#
..E≈≈≈≈≈≈§EE§§§§≈≈≈≈#
..≈E≈.≈≈≈§EEZ§§§≈≈≈≈#
b.EE..≈C≈°≈≈≈≈≈≈≈≈≈##


You could see a shard shrike (catching breath), 3 elemental wellsprings, 6 water
elementals, a titan simulacrum and an iron giant simulacrum.

Vanquished Creatures
  A dread lich (Vaults:5)
  An orb of fire (Zot:2)
  3 juggernauts
  3 ancient liches
  Bai Suzhen (Shoals:4)
  4 curse toes
  Saint Roka (Arena)
  Vashnia (Snake:3)
  14 shard shrikes
  3 caustic shrikes
  Geryon (Hell)
  A Killer Klown (Zot:3)
  Nikola (Depths:1)
  11 golden dragons
  A bone dragon (Crypt:3)
  A profane servitor (Crypt:3)
  18 tentacled monstrosities
  The ghost of Zenkrye the Warrior, an adept DjFE of Makhleb (Snake:4)
  6 electric golems
  An Ice Fiend (Coc:4)
  Asterion (Snake:3)
  6 liches
  4 deep elf blademasters (Elf:3)
  7 Orb Guardians (Zot:5)
  2 deep elf master archers (Elf:3)
  9 titans
  8 quicksilver dragons
  8 ancient champions
  Polyphemus (Shoals:4)
  A kraken (Shoals:3)
  Frances (Shoals:1)
  6 sphinxes
  10 tengu reavers
  14 death cobs
  8 shadow dragons
  Agnes (Snake:2)
  Kirke (D:15)
  18 storm dragons
  Roxanne (Elf:1)
  6 nagarajas
  3 draconian monks
  Ilsuiw (Shoals:3)
  8 fire giants
  An azure jelly (Coc:5)
  2 revenants
  7 narguns
  Aizul (Snake:3)
  A ghost moth (Zot:4)
  A balrug (Depths:2)
  3 draconian scorchers
  2 iron dragons
  17 vault wardens
  5 draconian knights
  2 orc warlords
  11 frost giants
  A juggernaut zombie (Depths:3)
  5 deep elf sorcerers
  4 curse skulls
  2 shard shrike simulacra
  An angel (Depths:2)
  Louise (Depths:4)
  10 ghouls
  6 draconian shifters
  3 spectral caustic shrikes (Depths:5)
  6 deep elf elementalists
  5 draconian stormcallers
  A caustic shrike skeleton (Depths:3)
  9 reapers
  11 vampire knights
  17 stone giants
  41 very ugly things
  15 ironbound preservers
  2 war gargoyles (Vaults:4)
  3 draconian annihilators
  A stone giant (shapeshifter) (Vaults:4)
  7 green draconians
  6 black draconians
  7 deep elf demonologists
  11 dire elephants
  Nessos (Lair:6)
  5 elemental wellsprings
  6 entropy weavers
  7 red draconians
  3 white draconians
  A spark wasp (Depths:3)
  3 lorocyprocas (Hell)
  4 wendigos
  7 purple draconians
  8 deep elf annihilators
  A minotaur (Gauntlet)
  9 yellow draconians
  2 crystal guardians
  The ghost of HuGe the Basher, a journeyman HOBe of Trog (Snake:1)
  A dire elephant (shapeshifter) (Depths:3)
  3 eidola (Crypt:2)
  The ghost of Gaumudgh the Nimble, a journeyman TeWr of Vehumet (Lair:4)
  11 deep elf death magi
  An ettin (shapeshifter) (Vaults:5)
  5 merfolk javelineers
  8 fire dragons
  8 merfolk impalers
  21 jiangshi
  9 great orbs of eyes
  9 deep elf high priests
  Josephine (Lair:5)
  8 yaktaur captains
  14 ettins
  A great orb of eyes (shapeshifter) (Depths:3)
  31 vault guards
  6 naga warriors
  11 ice dragons
  7 ironbound thunderhulks
  A spectral fenstrider witch (Crypt:3)
  4 ghost crabs (Lair:3)
  3 salamander tyrants
  5 rakshasas
  4 peacekeepers
  An alligator snapping turtle (Shoals:4)
  The ghost of CraigForest the Martial Artist, a journeyman DsMo of Sif Muna (D:11)
  7 hydras
  8 ironbound frosthearts
  4 spriggan air magi
  3 boulder beetles
  13 anacondas
  6 caustic shrike simulacra
  9 death knights
  4 two-headed ogres
  5 merfolk aquamancers
  5 centaur warriors
  Erica (Orc:1)
  2 ogre magi (Vaults:5)
  3 satyrs
  4 catoblepae
  4 merfolk avatars
  A satyr (shapeshifter) (Vaults:2)
  10 death yaks
  12 deep troll shamans
  5 orc high priests
  11 deep troll earth magi
  8 ironbound beastmasters
  Urug (Orc:2)
  27 dancing weapons
  11 shock serpents
  9 tengu warriors
  4 hell hogs
  10 soul eaters
  3 vampire magi
  3 spriggan berserkers
  12 hell knights
  17 naga sharpshooters
  24 deep elf knights
  15 sun demons
  Nergalle (Orc:2)
  8 iron trolls
  6 fire crabs
  6 shadow wraiths
  3 titan skeletons (Crypt:2)
  6 salamander mystics
  29 skeletal warriors
  An anaconda zombie (Hell)
  7 glowing orange brains
  3 large abominations (Crypt:3)
  3 quicksilver dragon simulacra
  4 sea snakes
  A spark wasp zombie (Depths:3)
  2 bog bodies
  4 naga ritualists
  5 flayed ghosts
  2 obsidian statues (IceCv)
  11 deep elf archers
  2 fenstrider witch simulacra (Coc:1)
  18 phantasmal warriors
  13 wizards
  16 ironbound convokers
  66 deep trolls
  Pikel (D:6)
  26 harpies
  2 lindwurms (shapeshifter)
  12 orc knights
  41 deep elf pyromancers
  7 lindwurms
  2 anaconda skeletons (Hell)
  12 necromancers
  An iron dragon zombie (Crypt:3)
  15 mana vipers
  A mana viper (shapeshifter) (Depths:3)
  2 stone giant zombies
  8 cyclopes
  8 fauns
  3 orc sorcerers
  59 ugly things
  44 deep elf zephyrmancers
  An oklob plant (Shoals:4)
  27 moths of wrath
  29 salamanders
  A fire giant zombie (Vaults:3)
  A sphinx skeleton (Vaults:3)
  18 manticores
  A manticore (shapeshifter) (D:15)
  6 elephants (Lair:6)
  9 guardian serpents
  An apocalypse crab (Lair:3)
  A naga zombie (Crypt:1)
  A guardian serpent (shapeshifter) (Vaults:4)
  A spriggan zombie (Depths:1)
  Joseph (Lair:1)
  37 black mambas
  8 molten gargoyles
  9 vault sentinels
  A gargoyle (D:11)
  11 naga magi
  A titan simulacrum (Coc:1)
  4 water nymphs
  A water nymph (shapeshifter) (Vaults:5)
  7 merfolk sirens
  15 cane toads
  8 smoke demons
  4 hellions
  An unseen horror (D:13)
  12 komodo dragons
  A minotaur zombie (Gauntlet)
  An unseen horror (shapeshifter) (Depths:3)
  Psyche (D:12)
  49 yaktaurs
  5 rime drakes
  2 sea snake zombies (Hell)
  Maggie (D:7)
  8 golden dragon simulacra
  A white draconian zombie (Crypt:2)
  3 hydra zombies (Hell)
  23 freezing wraiths
  4 anaconda simulacra
  4 efreet
  2 demonic crawlers (Hell)
  8 ice devils
  2 entropy weaver simulacra (IceCv)
  21 merfolk
  5 tormentors
  6 trolls
  8 wind drakes
  7 tengu conjurers
  A queen bee (D:12)
  2 red devils
  A polar bear (shapeshifter) (D:14)
  3 meliai (D:12)
  An iron troll skeleton (Crypt:1)
  3 polar bears
  A wind drake (shapeshifter) (Depths:1)
  Prince Ribbit (D:5)
  12 blink frogs
  36 slime creatures
  A snapping turtle (shapeshifter) (Depths:3)
  A shadow dragon simulacrum (Coc:1)
  A raiju (Gauntlet)
  A fire dragon zombie (Depths:1)
  8 snapping turtles
  3 stone giant simulacra
  2 ettin zombies (Depths:1)
  19 dream sheep
  An elf skeleton (Vaults:3)
  2 alligator zombies (Hell)
  3 centaur simulacra
  2 air elementals (Elf:1)
  62 flying skulls
  6 redbacks
  6 shadows
  2 ice dragon skeletons
  10 wraiths
  13 water elementals
  4 fire elementals (Elf:1)
  A vampire (D:11)
  A wyvern (D:7)
  21 humans
  58 yaks
  2 dire elephant simulacra
  A tarantella (Vaults:1)
  3 alligator snapping turtle simulacra
  4 basilisks
  2 steam dragons (Shoals:2)
  Grum (Lair:1)
  5 wargs
  Edmund (D:4)
  A vampire mosquito (D:14)
  9 harpy simulacra
  27 nagas
  An acid dragon (D:14)
  Duvessa (D:6)
  23 water moccasins
  The ghost of siradein the Skirmisher, an amateur OgFi (D:3)
  45 orc warriors
  A monstrous demonspawn skeleton (Crypt:1)
  3 black bears
  8 ettin simulacra
  2 hydra simulacra (Coc:2)
  2 ice beasts
  2 sky beasts (D:8)
  10 necrophages
  11 ogres
  22 wolves
  5 boggarts (Vaults:2)
  An alligator simulacrum (IceCv)
  13 centaurs
  3 lemures (D:6)
  4 kobold brigands
  A hog skeleton (Crypt:2)
  6 elf zombies (Ossuary)
  Blork the orc (D:6)
  15 bullfrogs
  5 earth elementals
  A glowing shapeshifter simulacrum (Vaults:3)
  A wyvern zombie (D:5)
  Dowan (D:6)
  A deep troll simulacrum (IceCv)
  A wyvern skeleton (Crypt:1)
  9 scorpions
  A water moccasin zombie (D:5)
  2 water moccasin skeletons
  A polar bear zombie (Crypt:2)
  39 killer bees
  2 vampire bats (D:15)
  22 wights
  2 crimson imps (Gauntlet)
  2 lava snakes (D:8)
  A small abomination (Crypt:3)
  2 bullfrog zombies
  13 centaur zombies
  A human zombie (D:4)
  16 orc priests
  2 centaur skeletons
  3 hounds
  6 jellies
  18 orc wizards
  2 scorpion zombies (D:4)
  4 hell rats (Hell)
  A statue (D:9)
  A lightning spire (Gauntlet)
  2 killer bee zombies
  A felid zombie (Crypt:2)
  A demigod skeleton (Crypt:2)
  2 hound zombies (D:4)
  3 hound skeletons
  4 mummies
  4 howler monkey skeletons
  4 gnolls
  A river rat (D:6)
  6 adders
  A shadow imp (D:5)
  2 white imps
  An ufetubus (D:5)
  An adder zombie (D:4)
  An adder skeleton (D:3)
  3 worms
  3 dart slugs
  59 orcs
  A bat skeleton (D:15)
  3 bat zombies (D:15)
  8 endoplasms
  5 giant cockroaches
  6 goblins
  16 hobgoblins
  5 iguanas
  17 jackals
  6 quokkas
  9 ball pythons
  8 bats
  A dart slug zombie (Crypt:1)
  A frilled lizard (D:1)
  19 kobolds
  12 rats
  3 tentacles (Shoals:3)
2666 creatures vanquished.

Vanquished Creatures (others)
  A shard shrike simulacrum (Coc:5)
  A vampire knight (Hell)
  A naga warrior (Snake:3)
  2 deep elf knights
  2 deep elf archers
  A deep elf zephyrmancer (Elf:3)
  2 deep elf pyromancers
  A faun (Shoals:3)
  A water elemental (Shoals:2)
  2 harpy simulacra
  An orc warrior (Orc:2)
  An orc (Orc:1)
  58 fungi
  104 plants
  5 tentacles (Shoals:3)
  5 toadstools (D:3)
188 creatures vanquished.

Grand Total: 2854 creatures vanquished

Notes
Turn   | Place    | Note
-------+----------+-------------------------------------------
     0 | D:1      | timneilson the Gargoyle Fighter began the quest for the
                  | Orb.
     0 | D:1      | Reached XP level 1. HP: 14/14 MP: 1/1
   300 | D:1      | Found Ysokoizu's Assorted Antiques.
   314 | D:1      | Reached XP level 2. HP: 19/19 MP: 2/2
   677 | D:1      | Reached XP level 3. HP: 18/23 MP: 3/3
  1567 | D:1      | Reached XP level 4. HP: 28/28 MP: 4/4
  1828 | D:2      | Reached skill level 4 in Shields
  1998 | D:2      | Reached XP level 5. HP: 33/33 MP: 5/5
  2280 | D:2      | Found a faded altar of an unknown god.
  2355 | D:3      | Reached skill level 1 in Dodging
  2440 | D:3      | Found a hazy altar of Hepliaklqana.
  2771 | D:3      | Found a shadowy altar of Dithmenos.
  2804 | D:3      | Found a runed translucent door.
  2814 | D:3      | Noticed siradein's ghost (amateur OgFi)
  3014 | D:3      | Found a shimmering altar of Xom.
  3505 | D:4      | Reached XP level 6. HP: 38/38 MP: 6/6
  3643 | D:1      | Bought a slimy scimitar for 180 gold pieces
  3643 | D:1      | Identified the +6 scimitar "Basoaro" {flame, Dex+4} (You
                  | bought it in a shop on level 1 of the Dungeon)
  3941 | D:4      | Reached skill level 5 in Armour
  3943 | D:4      | Reached skill level 5 in Shields
  3943 | D:4      | Reached XP level 7. HP: 43/43 MP: 7/7
  3958 | D:4      | Reached skill level 1 in Invocations
  4257 | D:4      | Reached skill level 1 in Evocations
  4286 | D:4      | Found a basalt altar of Yredelemnul.
  4302 | D:4      | Reached XP level 8. HP: 48/48 MP: 9/9
  4642 | D:4      | Noticed Edmund
  4651 | D:4      | Killed Edmund
  4871 | D:4      | Reached skill level 6 in Shields
  4945 | D:5      | Entered Level 5 of the Dungeon
  4977 | D:5      | Reached skill level 5 in Fighting
  5138 | D:5      | Noticed Prince Ribbit
  5144 | D:5      | Killed Prince Ribbit
  5145 | D:5      | Reached skill level 5 in Long Blades
  5145 | D:5      | Reached XP level 9. HP: 36/54 MP: 9/11
  5307 | D:5      | Reached skill level 7 in Shields
  6292 | D:6      | Noticed Blork the orc
  6301 | D:6      | Killed Blork the orc
  6306 | D:6      | Reached XP level 10. HP: 60/60 MP: 11/13
  6335 | D:6      | Found a glowing golden altar of the Shining One.
  6390 | D:6      | Found a glowing drain.
  6400 | Sewer    | Entered a sewer
  6463 | Sewer    | Found a glowing silver altar of Zin.
  6866 | D:6      | Found a snail-covered altar of Cheibriados.
  7012 | D:6      | Noticed Dowan
  7013 | D:6      | Noticed Duvessa
  7024 | D:6      | Killed Duvessa
  7028 | D:6      | Killed Dowan
  7077 | D:6      | Reached skill level 8 in Shields
  7142 | D:6      | Noticed Pikel
  7162 | D:6      | Killed Pikel
  7531 | D:7      | Found a staircase to the Ecumenical Temple.
  7551 | Temple   | Entered the Ecumenical Temple
  7559 | Temple   | Became a worshipper of Warmaster Okawaru
  7711 | D:7      | Found a sand-covered staircase.
  7718 | Ossuary  | Entered an ossuary
  7736 | Ossuary  | Reached * piety under Okawaru
  8222 | D:7      | Noticed Maggie
  8232 | D:7      | Killed Maggie
  8232 | D:7      | Reached ** piety under Okawaru
  8466 | D:7      | Reached XP level 11. HP: 66/66 MP: 14/14
  8564 | D:7      | Reached skill level 5 in Invocations
  8614 | D:8      | Reached skill level 9 in Shields
  8882 | D:8      | Found Fyasuduo's Distillery.
  9936 | D:9      | Found a staircase to the Lair.
  9984 | D:9      | Reached *** piety under Okawaru
 10615 | D:9      | Found a radiant altar of Vehumet.
 10765 | D:10     | Entered Level 10 of the Dungeon
 10878 | D:10     | Reached **** piety under Okawaru
 11044 | D:10     | Found a shimmering blue altar of Sif Muna.
 11309 | D:10     | Noticed a two-headed ogre
 11314 | D:10     | Killed a two-headed ogre
 11570 | D:10     | Identified the +1 ring mail of Vihiatra {rC+}
 11622 | D:10     | Noticed a cyclops
 11624 | D:10     | Noticed a manticore
 11644 | D:10     | Killed a cyclops
 11645 | D:10     | Reached skill level 10 in Armour
 11645 | D:10     | Reached skill level 5 in Evocations
 11650 | D:10     | Killed a manticore
 11651 | D:10     | Reached skill level 10 in Shields
 11651 | D:10     | Reached XP level 12. HP: 42/72 MP: 10/16
 11881 | D:10     | Found a staircase to the Orcish Mines.
 12184 | D:10     | Got Xysy's Handbook of the Oath
 12341 | D:10     | Received a gift from Okawaru
 12342 | D:10     | Reached skill level 5 in Dodging
 12426 | Lair:1   | Entered Level 1 of the Lair of Beasts
 12437 | Lair:1   | Reached ***** piety under Okawaru
 12439 | Lair:1   | Noticed a six-headed hydra
 12441 | Lair:1   | Noticed Joseph
 12455 | D:9      | Killed a one-headed hydra
 12501 | D:9      | Noticed a two-headed ogre
 12507 | D:9      | Killed a two-headed ogre
 12618 | Lair:1   | Killed Joseph
 12772 | Lair:1   | Received a gift from Okawaru
 13073 | Lair:1   | Noticed Grum
 13094 | Lair:1   | Killed Grum
 13954 | Lair:2   | Identified the +6 double sword of Lodobaf {flame, rN+}
                  | (Okawaru gifted it to you on level 2 of the Lair of Beasts)
 13954 | Lair:2   | Received a gift from Okawaru
 13955 | Lair:2   | Reached skill level 11 in Shields
 14064 | Lair:2   | Noticed a six-headed hydra
 14071 | Lair:2   | Killed a three-headed hydra
 14072 | Lair:2   | Reached XP level 13. HP: 77/78 MP: 15/18
 14093 | Lair:2   | Found a staircase to the Shoals.
 14884 | Lair:3   | Found a glowing golden altar of the Shining One.
 15048 | Lair:3   | Found a runed translucent door.
 15069 | Lair:3   | Noticed an entropy weaver
 15075 | Lair:3   | Received a gift from Okawaru
 15075 | Lair:3   | Found the +10 zealot's sword {holy, *Rage rN+ EV+3}
 15093 | Lair:3   | Killed an entropy weaver
 15553 | Lair:3   | Reached ****** piety under Okawaru
 16336 | Lair:3   | Noticed an entropy weaver
 16338 | Lair:3   | Reached skill level 10 in Long Blades
 16346 | Lair:3   | Killed an entropy weaver
 16535 | Lair:3   | Noticed an entropy weaver
 16543 | Lair:3   | Killed an entropy weaver
 16544 | Lair:3   | Reached skill level 12 in Shields
 16733 | Lair:3   | Received a gift from Okawaru
 16734 | Lair:3   | Gained mutation: Your large and strong wings let you fly.
                  | [Gargoyle growth]
 16734 | Lair:3   | Reached XP level 14. HP: 86/86 MP: 17/19
 16977 | Lair:4   | Found a runed translucent door.
 17014 | Lair:4   | Found a staircase to the Snake Pit.
 17074 | Lair:4   | Noticed Gaumudgh's ghost (journeyman TeWr)
 18139 | Lair:4   | Killed Gaumudgh's ghost
 18414 | Lair:5   | Noticed Josephine
 18422 | Lair:5   | Killed Josephine
 19072 | Lair:6   | Entered Level 6 of the Lair of Beasts
 19181 | Lair:6   | Received a gift from Okawaru
 19283 | Lair:6   | Found a staircase to the Slime Pits.
 19906 | Lair:6   | Noticed Nessos
 19946 | Lair:6   | Killed Nessos
 20318 | Lair:6   | Received a gift from Okawaru
 20330 | Lair:6   | Reached skill level 13 in Shields
 20686 | Lair:6   | Reached XP level 15. HP: 62/92 MP: 13/21
 21074 | Lair:6   | Identified the +11 long sword of Odaube {vorpal, Drain Fly
                  | Int+4 Dex+4}
 21451 | Orc:1    | Entered Level 1 of the Orcish Mines
 21530 | D:10     | Reached skill level 10 in Fighting
 21944 | Orc:1    | Found Vuipnuna's Antique Weapon Emporium.
 22049 | Orc:2    | Entered Level 2 of the Orcish Mines
 22051 | Orc:2    | Noticed Saint Roka
 22196 | D:11     | Noticed CraigForest's ghost (journeyman DsMo)
 22201 | D:11     | Found a runed translucent door.
 22306 | D:11     | Killed CraigForest's ghost
 22865 | D:3      | Killed siradein's ghost
 23482 | D:12     | Noticed Psyche
 23502 | D:12     | Killed Psyche
 24242 | D:13     | Found a hide-covered altar of Uskayaw.
 24444 | D:13     | Received a gift from Okawaru
 24444 | D:13     | Found the +15 Maxwell's patent armour {-Cast -Tele rElec
                  | Will+ rCorr}
 24845 | D:13     | Found a gate to the Vaults.
 25005 | D:14     | Found a gate leading to a gauntlet.
 25033 | Gauntlet | Entered a Gauntlet
 25033 | Gauntlet | Found a transporter.
 25033 | Gauntlet | Found a runed translucent door.
 25033 | Gauntlet | Found a transporter.
 25034 | Gauntlet | Found a runed translucent door.
 25035 | Gauntlet | Found a transporter.
 25035 | Gauntlet | Found a transporter.
 25038 | Gauntlet | Found a transporter.
 25057 | Gauntlet | Found a transporter.
 25059 | Gauntlet | Found a transporter.
 25099 | Gauntlet | Found a transporter.
 25099 | Gauntlet | Found a transporter.
 25101 | Gauntlet | Found a transporter.
 25118 | Gauntlet | Found a transporter.
 25129 | Gauntlet | Found a transporter.
 25137 | Gauntlet | Found a runed translucent door.
 25139 | Gauntlet | Found a transporter.
 25141 | Gauntlet | Found a runed translucent door.
 25153 | Gauntlet | Found a transporter.
 25358 | Gauntlet | Identified the +0 pair of boots of Rifosy {Fly rN+ Int+4}
 25382 | Gauntlet | Identified the amulet of Tender Moments {Spirit Fly rN+}
 25607 | D:14     | Reached XP level 16. HP: 81/98 MP: 23/23
 25761 | D:14     | Reached skill level 14 in Shields
 25769 | D:14     | Received a gift from Okawaru
 26279 | D:15     | Entered Level 15 of the Dungeon
 26404 | D:15     | Identified the +2 kite shield "Ibacum" {rElec Str+4 Int+7
                  | Dex-2} (Okawaru gifted it to you on level 15 of the
                  | Dungeon)
 26404 | D:15     | Received a gift from Okawaru
 26613 | D:15     | Reached skill level 10 in Invocations
 26739 | D:15     | Found a staircase to the Depths.
 26914 | D:15     | Noticed Kirke
 26929 | D:15     | Killed Kirke
 26967 | D:15     | Found a sacrificial altar of Ru.
 27311 | D:15     | Found an ancient bone altar of Kikubaaqudgha.
 27342 | D:15     | Identified a scroll of acquirement
 27342 | D:15     | Acquired a +2 crystal plate armour
 28669 | Snake:1  | Entered Level 1 of the Snake Pit
 28895 | Snake:1  | Found a transporter.
 28897 | Snake:1  | Noticed HuGe's ghost (journeyman HOBe)
 29007 | Snake:1  | Found a transporter.
 29783 | Snake:2  | Noticed Agnes
 29791 | Snake:2  | Killed Agnes
 30257 | Snake:2  | Reached XP level 17. HP: 85/104 MP: 24/24
 30425 | Snake:2  | Received a gift from Okawaru
 30701 | Snake:2  | Reached skill level 15 in Armour
 31110 | Snake:2  | Reached skill level 15 in Shields
 31361 | Snake:3  | Noticed Vashnia
 31387 | Snake:3  | Killed Vashnia
 31458 | Snake:3  | Found a frozen archway.
 31462 | IceCv    | Entered an ice cave
 31985 | Snake:3  | Acquired a +1 hat of see invisible
 32540 | Snake:3  | Noticed Asterion
 32554 | Snake:3  | Killed Asterion
 32557 | Snake:3  | Noticed Aizul
 32575 | Snake:3  | Killed Aizul
 33588 | Snake:1  | Killed HuGe's ghost
 33588 | Snake:1  | Received a gift from Okawaru
 33626 | Snake:1  | Identified the ring of Lial {rPois rC+++ Will+ MP+9}
 33633 | Snake:1  | Got the Catalogue of Feathers
 33937 | Snake:4  | Entered Level 4 of the Snake Pit
 33970 | Snake:4  | Identified the +5 long sword of Jiggioqe {flame, Dex+7}
                  | (Okawaru gifted it to you on level 4 of the Snake Pit)
 33970 | Snake:4  | Received a gift from Okawaru
 34070 | Snake:4  | Reached XP level 18. HP: 90/112 MP: 26/26
 34394 | Snake:4  | Found a runed translucent door.
 34394 | Snake:4  | Noticed Zenkrye's ghost (adept DjFE)
 35478 | Snake:4  | Reached skill level 16 in Shields
 35567 | Snake:4  | Got a serpentine rune of Zot
 36224 | Arena    | Entered the Arena
 36242 | Arena    | Killed Saint Roka
 36452 | Orc:2    | Noticed Nergalle
 36477 | Orc:2    | Killed Nergalle
 36489 | Orc:2    | Noticed Urug
 36492 | Orc:2    | Found Uluahisoeh's Antique Armour Shoppe.
 36506 | Orc:2    | Killed Urug
 36506 | Orc:2    | Received a gift from Okawaru
 36528 | Orc:2    | Bought a pair of runed gloves for 202 gold pieces
 36547 | Orc:2    | Found Nueckar's Antique Weapon Shoppe.
 36568 | Orc:2    | Found Guaboriu's Jewellery Shoppe.
 36584 | Orc:2    | Found Lunur's General Store.
 36705 | Orc:2    | Reached skill level 10 in Evocations
 36998 | Orc:2    | Found a staircase to the Elven Halls.
 37257 | Orc:2    | Found a shimmering blue altar of Sif Muna.
 37335 | Orc:1    | Noticed Erica
 37342 | Orc:1    | Found Fiqext's Weapon Boutique.
 37347 | Orc:1    | Killed Erica
 37436 | Orc:1    | Found Ruopotre's Book Shoppe.
 37504 | Orc:1    | Found Juuhoed's Armour Emporium.
 37720 | Shoals:1 | Entered Level 1 of the Shoals
 37947 | Shoals:1 | Noticed Frances
 37960 | Shoals:1 | Killed Frances
 37961 | Shoals:1 | Reached XP level 19. HP: 108/117 MP: 20/27
 39969 | Shoals:3 | Noticed Ilsuiw
 39985 | Shoals:3 | Killed Ilsuiw
 41058 | Shoals:4 | Entered Level 4 of the Shoals
 41156 | Shoals:4 | Found an ancient bone altar of Kikubaaqudgha.
 41219 | Shoals:4 | Noticed Bai Suzhen
 41247 | Shoals:4 | Killed Bai Suzhen
 41395 | Shoals:4 | Reached skill level 17 in Shields
 41405 | Shoals:4 | Noticed Polyphemus
 41432 | Shoals:4 | Identified the +0 robe "Wucvasoe" {Rampage rN+ Will+ Int+4}
                  | (Okawaru gifted it to you on level 4 of the Shoals)
 41432 | Shoals:4 | Received a gift from Okawaru
 41450 | Shoals:4 | Killed Polyphemus
 41518 | Shoals:4 | Got a barnacled rune of Zot
 42106 | Depths:1 | Entered Level 1 of the Depths
 42147 | Depths:1 | Reached XP level 20. HP: 98/124 MP: 27/29
 42518 | Depths:1 | Noticed Nikola
 42544 | Depths:1 | Killed Nikola
 42560 | Depths:1 | Reached skill level 10 in Dodging
 42832 | Depths:1 | Noticed a juggernaut
 42848 | Depths:1 | Killed a juggernaut
 42862 | Depths:1 | Found a one-way gate to the infinite horrors of the Abyss.
 42887 | Depths:1 | Reached skill level 15 in Long Blades
 43040 | Depths:1 | Found a gateway to Hell.
 44328 | Depths:2 | Identified the +3 leather armour of Focvoz {-Tele rN+
                  | Stlth+}
 44336 | Depths:2 | Received a gift from Okawaru
 44670 | Depths:2 | Found a glowing golden altar of the Shining One.
 44954 | Depths:2 | Reached XP level 21. HP: 95/130 MP: 30/30
 45424 | Depths:2 | Received a gift from Okawaru
 45550 | Depths:3 | Reached skill level 18 in Shields
 46056 | Depths:3 | Noticed a caustic shrike
 46081 | Depths:3 | Killed a caustic shrike
 46134 | Depths:3 | Identified the amulet "Qeore" {Spirit Dex+3}
 46308 | Depths:3 | Noticed a golden dragon
 46310 | Depths:3 | Received a gift from Okawaru
 46355 | Depths:3 | Killed a golden dragon
 46355 | Depths:3 | Identified the +0 tower shield of the Teacher {Harm Str+2}
                  | (Okawaru gifted it to you on level 3 of the Depths)
 46355 | Depths:3 | Received a gift from Okawaru
 46626 | Depths:3 | Found a one-way gate leading to the halls of Pandemonium.
 47069 | Depths:3 | Got the Incunabulum of Fiery Feathers
 47159 | Depths:3 | Noticed a caustic shrike
 47175 | Depths:3 | Killed a caustic shrike
 47179 | Depths:3 | Reached XP level 22. HP: 99/137 MP: 27/32
 47213 | Depths:3 | Identified the +8 dagger "Ecilao" {venom, Str+2}
 47663 | Depths:3 | Found the +3 salamander hide armour {Flames rF++ rC--}
 47924 | Depths:4 | Noticed Louise
 47933 | Depths:4 | Killed Louise
 47933 | Depths:4 | Received a gift from Okawaru
 47939 | Depths:4 | Found a blossoming altar of Fedhas.
 48186 | Depths:4 | Noticed a golden dragon
 48199 | Depths:4 | Killed a golden dragon
 48515 | Orc:2    | Bought a scroll of enchant weapon for 97 gold pieces
 48515 | Orc:2    | Bought a scroll of enchant armour for 97 gold pieces
 48515 | Orc:2    | Bought a scroll of enchant weapon for 97 gold pieces
 48921 | Depths:4 | Noticed a juggernaut
 48934 | Depths:4 | Killed a juggernaut
 48935 | Depths:4 | Reached skill level 19 in Shields
 49254 | Depths:4 | Noticed a juggernaut
 49372 | Depths:4 | Noticed a caustic shrike
 49402 | Depths:4 | Killed a caustic shrike
 49497 | Depths:4 | Killed a juggernaut
 49558 | Depths:5 | Entered Level 5 of the Depths
 49607 | Depths:5 | Found a gateway to a ziggurat.
 49700 | Depths:5 | Noticed a golden dragon
 49710 | Depths:5 | Killed a golden dragon
 50242 | Vaults:1 | Entered Level 1 of the Vaults
 50430 | Vaults:1 | Reached XP level 23. HP: 142/143 MP: 33/33
 51107 | Vaults:1 | Identified the +1 scale mail of Jeihome {rC- Int+8 Dex+3
                  | Slay-6} (Okawaru gifted it to you on level 1 of the Vaults)
 51107 | Vaults:1 | Received a gift from Okawaru
 51133 | Vaults:1 | Identified the +3 chain mail "Vysostra" {rElec rPois rC+
                  | rCorr}
 51555 | Vaults:1 | Acquired 1038 gold pieces
 53588 | Vaults:2 | Identified the +8 rapier "Arcanum" {speed, Contam *Rage
                  | Will+}
 53655 | Vaults:2 | Found a staircase to the Crypt.
 54506 | Vaults:3 | Reached skill level 15 in Fighting
 54905 | Vaults:3 | Reached skill level 20 in Shields
 54914 | Vaults:3 | Reached XP level 24. HP: 110/150 MP: 33/33
 55488 | Vaults:3 | Received a gift from Okawaru
 56309 | Vaults:4 | HP: 5/151 [deep troll[an ironbound preserver] (11)]
 57448 | Vaults:4 | Reached skill level 15 in Invocations
 58423 | Depths:5 | Received a gift from Okawaru
 58431 | Depths:5 | Found a gate to the Realm of Zot.
 59126 | Depths:5 | Found a white marble altar of Elyvilon.
 59250 | Depths:5 | Reached XP level 25. HP: 149/156 MP: 34/34
 59890 | Crypt:1  | Entered Level 1 of the Crypt
 60805 | Crypt:2  | Identified the +4 kite shield of the Quahog {rF+ rC++}
                  | (Okawaru gifted it to you on level 2 of the Crypt)
 60805 | Crypt:2  | Received a gift from Okawaru
 60806 | Crypt:2  | Reached skill level 21 in Shields
 61491 | Crypt:3  | Entered Level 3 of the Crypt
 61850 | Crypt:3  | Found an ancient bone altar of Kikubaaqudgha.
 62240 | Crypt:3  | Identified the amulet of Ucaesch {Regen+ Str+5}
 62240 | Crypt:3  | Identified the amulet of the Sparrow {rPois Regen+ Slay+3}
 62240 | Crypt:3  | Identified the ring of Muguennac {rF+ rN+ Will- rCorr}
 62627 | Crypt:3  | Reached XP level 26. HP: 141/163 MP: 34/34
 62653 | Crypt:3  | Identified the +9 plate armour of Gallantry {Int+4 Dex+3}
 62663 | Crypt:3  | Identified the +3 chain mail "Eseloxoc" {rPois Will+ Int-5
                  | Dex+9} (Okawaru gifted it to you on level 3 of the Crypt)
 62663 | Crypt:3  | Received a gift from Okawaru
 62705 | Crypt:3  | Got Sif Muna's Tome of Hexes
 62750 | Crypt:3  | Found a staircase to the Tomb.
 62884 | Crypt:3  | Identified the +4 hunting sling "Ycriutuu" {flame, rF-
                  | Str+2 Dex+7 Stlth-}
 63223 | Elf:1    | Entered Level 1 of the Elven Halls
 63595 | Elf:1    | Paralysed by an air elemental for 1 turns
 63599 | Elf:1    | Paralysed by an air elemental for 1 turns
 63912 | Elf:1    | Identified Roxanne's Disquisition on the Rocks
 63912 | Elf:1    | Noticed Roxanne
 63926 | Elf:1    | Killed Roxanne
 64781 | Elf:2    | Found a runed translucent door.
 64805 | Elf:2    | Found a runed translucent door.
 65136 | Elf:2    | Acquired a +2 tower shield of reflection
 65159 | Elf:2    | Acquired a manual of Shields
 65758 | Elf:3    | Entered Level 3 of the Elven Halls
 65775 | Elf:3    | Reached skill level 22 in Shields
 66021 | Elf:3    | Received a gift from Okawaru
 66496 | Elf:3    | Reached XP level 27. HP: 148/170 MP: 35/35
 66565 | Elf:3    | Identified the +3 morningstar "Gehurph" {spect, rElec
                  | Dex+4}
 66565 | Elf:3    | Identified the +1 robe "Pacin" {Int+2 Dex+4}
 66813 | Elf:3    | Identified the +7 glaive of Kigoebro {vorpal, rF+ Str-2
                  | Stlth+}
 66854 | Elf:3    | Found the +3 giant club "Skullcrusher" {speed, Str+7}
 66885 | Elf:3    | Identified the +0 cloak of Dyspraxia {*Slow rElec rCorr
                  | Int+8}
 66897 | Elf:3    | Got the Handbook of Scorching Malediction
 67380 | Vaults:5 | Entered Level 5 of the Vaults
 67383 | Vaults:5 | Noticed an ancient lich
 67518 | Vaults:4 | Killed an ancient lich
 67518 | Vaults:4 | Received a gift from Okawaru
 67621 | Vaults:5 | Received a gift from Okawaru
 67666 | Vaults:5 | Noticed a dread lich
 67676 | Vaults:5 | Noticed an ancient lich
 67683 | Vaults:5 | Killed a dread lich
 67684 | Vaults:5 | Reached skill level 23 in Shields
 67697 | Vaults:5 | Killed an ancient lich
 68048 | Vaults:5 | Noticed an ancient lich
 68068 | Vaults:5 | Killed an ancient lich
 68152 | Vaults:5 | Identified the +7 trident "Qihihai" {vorpal, rN+ Will+
                  | Dex-3} (Okawaru gifted it to you on level 5 of the Vaults)
 68152 | Vaults:5 | Received a gift from Okawaru
 68238 | Vaults:5 | Identified the +4 chain mail "Umaog" {+Blink}
 68492 | Vaults:5 | Found Moypnixt's Distillery.
 68556 | Vaults:5 | Received a gift from Okawaru
 68588 | Vaults:5 | Bought 2 potions of heal wounds for 160 gold pieces
 68588 | Vaults:5 | Bought 2 potions of haste for 320 gold pieces
 68588 | Vaults:5 | Bought a potion of curing for 48 gold pieces
 68588 | Vaults:5 | Bought a potion of resistance for 160 gold pieces
 68588 | Vaults:5 | Bought a potion of curing for 48 gold pieces
 68588 | Vaults:5 | Bought a potion of heal wounds for 80 gold pieces
 68588 | Vaults:5 | Bought a potion of might for 64 gold pieces
 68609 | Vaults:5 | Found Onuezi's Distillery.
 68613 | Vaults:5 | Bought a potion of curing for 51 gold pieces
 68613 | Vaults:5 | Bought a potion of curing for 51 gold pieces
 68613 | Vaults:5 | Bought a potion of curing for 51 gold pieces
 68613 | Vaults:5 | Bought a potion of might for 68 gold pieces
 68613 | Vaults:5 | Bought a potion of heal wounds for 85 gold pieces
 68613 | Vaults:5 | Bought a potion of haste for 170 gold pieces
 68613 | Vaults:5 | Bought a potion of curing for 51 gold pieces
 68613 | Vaults:5 | Bought a potion of might for 68 gold pieces
 68704 | Vaults:5 | Got a silver rune of Zot
 69259 | Zot:1    | Entered Level 1 of the Realm of Zot
 69264 | Zot:1    | Reached skill level 24 in Shields
 69764 | Snake:4  | Killed Zenkrye's ghost
 70514 | Zot:1    | Identified the +9 long sword of Kubodgh {spect, rN+}
                  | (Okawaru gifted it to you on level 1 of the Realm of Zot)
 70514 | Zot:1    | Received a gift from Okawaru
 71425 | Zot:2    | Noticed an orb of fire
 71465 | Zot:2    | Killed an orb of fire
 71542 | Zot:2    | Identified the +7 falchion of Louraedy {venom, rPois Will+}
                  | (Okawaru gifted it to you on level 2 of the Realm of Zot)
 71542 | Zot:2    | Received a gift from Okawaru
 71794 | Zot:2    | Reached skill level 15 in Evocations
 72581 | Zot:3    | Received a gift from Okawaru
 73431 | Zot:4    | Identified the +9 scale mail "Asuizas" {Str+4} (Okawaru
                  | gifted it to you on level 4 of the Realm of Zot)
 73431 | Zot:4    | Received a gift from Okawaru
 73708 | Zot:4    | Identified the amulet of Fixation {Faith *Slow rElec MP+9
                  | Slay+6}
 74117 | Zot:4    | Reached skill level 25 in Shields
 74291 | Zot:5    | Entered Level 5 of the Realm of Zot
 74446 | Zot:5    | Received a gift from Okawaru
 74865 | Hell     | Entered the Vestibule of Hell
 74865 | Hell     | Noticed Geryon
 74899 | Hell     | Killed Geryon
 75044 | Hell     | Found a gateway to the decaying netherworld of Tartarus.
 75157 | Hell     | Found a gateway to the ashen valley of Gehenna.
 75556 | Hell     | Found a gateway to the Iron City of Dis.
 75590 | Hell     | Found a gateway to the freezing wastes of Cocytus.
 75680 | Coc:1    | Entered Level 1 of Cocytus
 75698 | Coc:1    | Received a gift from Okawaru
 75861 | Coc:2    | Paralysed by a wendigo for 1 turns
 76182 | Coc:4    | Identified the +1 pair of gloves of the Okapi {rC- rCorr
                  | Dex+4} (Okawaru gifted it to you on level 4 of Cocytus)
 76182 | Coc:4    | Received a gift from Okawaru
 76190 | Coc:4    | Paralysed by a wendigo for 1 turns
 76927 | Coc:5    | Killed from afar by a shard shrike

Illustrated notes

Levels and vault maps discovered:
D:1:      mrwooster_arrival_arrow, layout_basic, serial_shops,
          nicolae_shop_statue_plus
D:2:      layout_loops_ring, ebering_ecumenical_altar_box, minmay_cupped
D:3:      layout_loops_corners, nzn_hepliaklqana_mist_gate, dk_xom_monty_hall,
          grunt_dithmenos_smoke_and_mirrors, ebering_ghost_reflecting_pool,
          minmay_gold_behind_fungi
D:4:      layout_basic, lemuel_mausoleum_altar_yredelemnul, minmay_checkerbox,
          uniq_edmund
D:5:      cheibrodos_fzero, layout_loops_ring, uniq_prince_ribbit1
D:6:      layout_basic, chei_slow_surprise, old_standard_altar,
          portal_sewer_entry_e, uniq_duvessa, uniq_blork_the_orc, uniq_pikel
D:7:      layout_gridville, minmay_temple_entry_proselytizer,
          chequers_ossuary_entry_cave, grunt_ministairs_4,
          ebering_dispersal_statue_hall, minmay_unpleasant_kobolds, uniq_maggie
D:8:      layout_basic, serial_shops, shop, kennysheep_minor_cross,
          supply_closet_lemuel
D:9:      layout_irregular_city, vehumet_statue, due_lair_maze_entry_diamond
D:10:     minmay_blocky_corners, layout_stronghold, amcnicky_altar_gilded,
          orc_0_dummy
D:11:     layout_small_grid, hellmonk_ghost_happy_afterlife
D:12:     layout_basic, special_room [special_room_bee], uniq_psyche
D:13:     layout_loops_cross, grunt_vaults_entry_tiered,
          nicolae_uskayaw_en_pointe
D:14:     minmay_the_grid_square_5x5_3x3 [minmay_the_grid_square_5x5_trominoes,
          minmay_the_grid_square_5x5_plus, minmay_the_grid_square_5x5_one_wall,
          minmay_the_grid_square_5x5_half_checkered,
          minmay_the_grid_square_5x5_megaprize_hollow,
          minmay_the_grid_square_5x5_mess, minmay_the_grid_square_5x5_lines,
          minmay_the_grid_square_5x5_doubleslash, minmay_the_grid_square_5x5_z],
          layout_long_grid, gauntlet_entry_generic, bh_walls_and_bars
D:15:     hangedman_depths_entry_civil_slaughter, layout_loops_ring,
          serial_glass, glass_columns_a, glass_columns_b,
          nicolae_ru_awakened_eye, kennysheep_vampire_church, uniq_kirke
Temple:   eino_narrow_crystal_temple
Lair:1:   layout_hall_layers, beast_lair_carwin_2, uniq_grum, uniq_joseph
Lair:2:   layout_hall_layers, minmay_shoals_entry_lonely_mermaid
Lair:3:   gammafunk_mikee_crab_dinner, layout_cellular_growth, basic_altar,
          grunt_megastairs_2
Lair:4:   layout_cave_pods, minmay_snake_entry_six_corridors,
          ebering_ghost_reflecting_pool, serial_bayou_shore_a
Lair:5:   layout_gridlike, uniq_josephine
Lair:6:   evilmike_catoblepas_cave, layout_regular_city, slime_dummy,
          grunt_megastairs_1, uniq_nessos
Shoals:1: layout_shoals, uniq_frances
Shoals:2: nicolae_shoals_island_circles, layout_shoals,
          nicolae_shoals_drake_roost
Shoals:3: layout_shoals, nicolae_shoals_pincushion_passage, uniq_ilsuiw
Shoals:4: shoals_end_hangedman, layout_shoals, shoals_ilsuiw_ice,
          lemuel_oklob_altar, uniq_polyphemus, uniq_bai_suzhen, uniq_donald
Snake:1:  layout_honeycomb, gammafunk_ghost_berserking_beasts
Snake:2:  layout_chambers, uniq_agnes
Snake:3:  layout_chambers, portal_ice_cave_entry_pillars_2, uniq_asterion,
          uniq_vashnia, uniq_aizul
Snake:4:  snake_pit_salamanders_mu, layout_cave_town, ebering_ghost_inner_flame,
          nicolae_snake_coiling_death
Orc:1:    cheibrodos_orc_bank, layout_diamond_mine, serial_shops,
          nicolae_shop_temple_entry_statues_fountains, shop, shop, shop,
          nicolae_orc_rich_vein, uniq_erica
Orc:2:    grunt_orc_cross, layout_caves, kennysheep_orc_sif_temple
Elf:1:    eino_elf_arrival_sip, layout_geoelf_diagonals, special_room
          [special_room_orc], minivault_28, grunt_ministairs_2, minivault_14,
          minmay_elf_sorcery, grunt_megastairs_5, uniq_roxanne
Elf:2:    elven_hall_of_blades_hangedman_original
          [nicolae_blade_entry_splitting_headache], layout_onion_city,
          drop_trap, minivault_8
Elf:3:    minmay_elf_hall_circle, layout_geoelf_octagon,
          minmay_misc_feat_diagonals
Vaults:1: v_misc_30, grunt_vaults_twisty, vaults_mumra_chevron_long, v_misc_12,
          layout_vaults_omnibox
Vaults:2: hangedman_vaults_maws, hangedman_vaults_river_flow, v_rooms_5,
          v_alt_pattern_5, vaults_room_semicircle,
          minmay_crypt_entry_simple_round, v_misc_22, hangedman_vaults_stream,
          v_misc_15, ontoclasm_vaults_decontamination, layout_vaults_omnigrid
Vaults:3: nicolae_vaults_network_periphery, v_pattern_3, vaults_room_octagon,
          nicolae_vaults_yaktaur_gun_rack, ontoclasm_vaults_chip,
          vaults_dpeg_ring, layout_vaults_chaotic_city
Vaults:4: vaults_room_pool, nicolae_vaults_ninety_degrees, v_misc_5, v_misc_12,
          hangedman_vaults_nails, hangedman_vaults_slither,
          dpeg_vaults_monster_row, st_octagons_1, ontoclasm_vaults_ring_large,
          ontoclasm_vaults_hangar, vaults_room_pool, vaults_room_pools,
          layout_vaults_ring
Vaults:5
Crypt:1:  layout_rooms
Crypt:2:  layout_gridlike, grunt_ministairs_13
Crypt:3:  grunt_crypt_end_deaths_head
Depths:1: layout_roguey, hell_entry, hangedman_abyss_or_decor_passed,
          abyss_entry, minmay_protected_statue, uniq_nikola
Depths:2: abrahamwl_protected_by_tso_2, layout_basic, corexii_hall_statues_i,
          hellmouth_1, serial_curves, eino_curves_02, eino_curves_01,
          firewood_loft
Depths:3: hangedman_pleasuredromes, pan_entry, hell_entry
Depths:4: minmay_ornate_pinched, layout_basic, hell_entry,
          fedhas_altar_fruit_tree, nicolae_abyss_entry_one_way_or_another,
          grunt_tough_drop, serial_bayou_shore_b
Depths:5: evilmike_zot_entry_round, layout_cave_pools, enter_ziggurat_a,
          elyvilon_altar_5, pf_hell_entry_tar_river
Hell
Coc:1:    nooodl_cocytus_jagged_cave
Coc:2:    layout_ice_bergs
Coc:3:    layout_cocytus_water_paths
Coc:4:    layout_cocytus_delve
Coc:5:    layout_cocytus_water_paths
Zot:1:    layout_cathedral_of_symmetry, lemuel_baited_zot_trap,
          lemuel_golem_globe
Zot:2:    layout_cathedral_of_symmetry
Zot:3:    layout_gridlike, st_stairs_1
Zot:4:    layout_basic, zot_minivault_4
Zot:5:    layout_onion, st_stairs_2

Skill      XL: |  1  2  3  4  5  6  7  8  9 10 11 12 13 14 15 16 17 18 19 20 21 22 23 24 25 26 27 |
---------------+----------------------------------------------------------------------------------+-----
Long Blades    | 2 3 4 5 6 7 8 9 10 11 12 13 14 15 16 17 18 19 21 | 21.7
Armour         | 4 5 6 7 8 10 11 12 13 14 15 16 17 18 19 20 21 22 24 | 24.9
Shields        | 4 5 6 7 8 10 11 12 13 14 15 16 17 18 19 20 21 22 25 | 25.9
Dodging        | 1 2 3 4 5 6 7 8 9 10 11 12 13 14 | 14.9
Fighting       | 4 5 6 7 8 9 10 11 12 13 14 15 16 18 | 18.9
Invocations    | 1 2 4 6 7 8 9 10 11 12 13 14 15 16 18 | 18.6
Evocations     | 1 2 3 4 5 6 7 8 9 10 11 12 13 14 16 | 16.1

Action                   |  1- 3 |  4- 6 |  7- 9 | 10-12 | 13-15 | 16-18 | 19-21 | 22-24 | 25-27 || total
-------------------------+-------+-------+-------+-------+-------+-------+-------+-------+-------++-------
Melee: Long sword        |   137 |   116 |       |       |       |       |       |       |       ||   253
       Scimitar          |       |    35 |   213 |   702 |       |       |       |       |       ||   950
       Double sword      |       |       |       |    11 |  1187 |  1440 |  1563 |  1866 |  2612 ||  8679
       Eudemon blade     |       |       |       |       |       |       |       |       |  1148 ||  1148
Invok: Heroism           |       |       |       |    14 |    40 |    45 |    37 |    45 |    46 ||   227
       Finesse           |       |       |       |       |     6 |    19 |    17 |    14 |    20 ||    76
       Duel              |       |       |       |       |       |     1 |       |       |       ||     1
Evoke: Wand              |       |       |       |       |     3 |     1 |       |       |       ||     4
       Condenser vane    |       |       |       |       |       |     3 |     5 |     4 |     3 ||    15
  Use: Scroll            |     1 |     5 |     3 |    13 |     4 |     5 |       |    12 |    12 ||    55
       Potion            |       |       |       |     1 |     5 |     2 |     4 |     2 |     3 ||    17
 Stab: Petrified         |       |       |       |       |     9 |       |       |       |       ||     9
       Invisible         |       |       |       |       |     1 |       |       |       |       ||     1
       Confused          |       |       |       |       |       |       |       |       |     5 ||     5
Armor: Scale mail        |   110 |    13 |       |       |       |       |       |       |       ||   123
       Chain mail        |       |    66 |    83 |   310 |       |       |       |       |       ||   459
       Plate armour      |       |       |       |   115 |   673 |   541 |   818 |    91 |       ||  2238
       Gold dragon scale |       |       |       |       |       |       |       |   784 |  1769 ||  2553
Dodge: Dodged            |    71 |    40 |    49 |   257 |   323 |   248 |   356 |   399 |   949 ||  2692
Block: Kite shield       |    80 |    85 |    94 |   474 |   106 |       |       |       |   818 ||  1657
       Buckler           |     1 |       |       |       |       |       |       |       |       ||     1
       Tower shield      |       |       |       |       |   982 |  1612 |  1725 |  2095 |  3058 ||  9472
       Reflection        |       |       |       |       |     3 |   145 |    52 |    65 |   143 ||   408

Table legend: (Time is in decaauts)
 A = Elapsed time spent in this place.
 B = Non-inter-level travel time spent in this place.
 C = Inter-level travel time spent in this place.
 D = Time resting spent in this place.
 E = Time spent auto-exploring this place.
 F = Levels seen in this place.
 G = Mean time per level.
                   A        B        C        D        E       F      G
               +--------+--------+--------+--------+--------+-----+--------+
         Total |  74679 |  67388 |   7291 |   5775 |  37579 |  64 | 1166.9 |
       Dungeon |  19231 |  16296 |   2935 |    886 |  10239 |  15 | 1282.1 |
        Temple |     16 |     16 |      0 |      0 |      0 |   1 |   16.0 |
          Lair |   9566 |   8696 |    870 |    754 |   6149 |   6 | 1594.3 |
        Shoals |   3973 |   3814 |    159 |    260 |   2528 |   4 |  993.2 |
     Snake Pit |   6845 |   6279 |    566 |    717 |   3820 |   4 | 1711.2 |
  Orcish Mines |   2943 |   2612 |    331 |    930 |    895 |   2 | 1471.5 |
   Elven Halls |   3713 |   3515 |    198 |      0 |   1615 |   3 | 1237.7 |
        Vaults |   9123 |   8334 |    789 |    642 |   4567 |   5 | 1824.6 |
         Crypt |   3012 |   2926 |     86 |     21 |   1389 |   3 | 1004.0 |
        Depths |   8996 |   7989 |   1007 |   1224 |   4082 |   5 | 1799.2 |
          Hell |    941 |    941 |      0 |    215 |    341 |   1 |  941.0 |
       Cocytus |    870 |    737 |    133 |      0 |    184 |   5 |  174.0 |
           Zot |   4213 |   4001 |    212 |    103 |   1506 |   5 |  842.6 |
         Sewer |    189 |    189 |      0 |      0 |     77 |   1 |  189.0 |
       Ossuary |    192 |    192 |      0 |      0 |     56 |   1 |  192.0 |
      Ice Cave |    430 |    430 |      0 |      0 |    130 |   1 |  430.0 |
      Gauntlet |    378 |    378 |      0 |      0 |      0 |   1 |  378.0 |
         Arena |     40 |     40 |      0 |     23 |      0 |   1 |   40.0 |
               +--------+--------+--------+--------+--------+-----+--------+

Top non-repeatable levels by time:
Vaults:2: 2455 daAuts
  Lair:3: 2290 daAuts
  Lair:6: 2226 daAuts
Depths:3: 2151 daAuts
 Snake:4: 2076 daAuts
Depths:1: 2037 daAuts
    D:10: 2025 daAuts
Vaults:4: 2017 daAuts
 Snake:3: 1924 daAuts
Vaults:3: 1899 daAuts
   Orc:1: 1895 daAuts
Depths:2: 1702 daAuts
  Lair:4: 1660 daAuts
 Snake:2: 1646 daAuts
Depths:5: 1589 daAuts
